 Dungeon Crawl Stone Soup version 0.22.1-2-g9c5b331383 (webtiles) character file.

114 Revguard the Chopper (level 4, -7/41 HPs)
             Began as a Gnoll Chaos Knight on Dec 16, 2018.
             Engulfed by a cloud of negative energy (30 damage)
             ... on level 3 of the Dungeon.
             The game lasted 00:05:45 (1668 turns).

Revguard the Chopper (Gnoll Chaos Knight)           Turns: 1668, Time: 00:05:46

Health: -7/41      AC:  2    Str: 16    XL:     4   Next: 98%
Magic:  5/5        EV: 14    Int: 14    God:    Xom [...*..]
Gold:   146        SH:  0    Dex: 14    Spells: 5/5 levels left

rFire    + . .     SeeInvis .   a - +0 hand axe (chaos)
rCold    . . .     Gourm    .   (no shield)
rNeg     . . .     Faith    .   k - +0 robe {rF+}
rPois    .         Spirit   .   (no helmet)
rElec    .         Reflect  .   (no cloak)
rCorr    .         Harm     +   (no gloves)
MR       .....                  (no boots)
Stlth    +.........             h - amulet of harm
HPRegen  0.13/turn              d - +2 ring of evasion
MPRegen  0.09/turn              (no ring)

@: heavily drained
A: distributed training, fangs 1, strong nose
a: Renounce Religion


You were on level 3 of the Dungeon.
You worshipped Xom.
You were a favourite toy of Xom.
You were very hungry.

You visited 1 branch of the dungeon, and saw 3 of its levels.

You collected 146 gold pieces.

Inventory:

Hand Weapons
 a - a +0 hand axe of chaos (weapon)
Armour
 b - a +2 leather armour
 k - a +0 robe of fire resistance (worn)
Jewellery
 d - a +2 ring of evasion (left hand)
 h - an amulet of harm (around neck)
 j - an uncursed amulet of inaccuracy
Scrolls
 l - 3 scrolls of identify
 m - 3 scrolls of teleportation
 o - a scroll of magic mapping {unknown}
 q - a scroll of fog {unknown}
 r - a scroll of immolation {unknown}
Potions
 e - 3 potions of heal wounds
 f - 2 potions of berserk rage
 g - a potion of haste
 i - a potion of cancellation {unknown}
 n - a potion of lignification {unknown}
 p - a potion of invisibility {unknown}
 s - a potion of degeneration {unknown}
 t - a potion of mutation {unknown}
Comestibles
 c - 3 rations


   Skills:
 + Level 6.6(5.1) Fighting
 + Level 1.2(0.0) Short Blades
 + Level 1.2(0.0) Long Blades
 + Level 6.6(5.1) Axes
 + Level 1.2(0.0) Maces & Flails
 + Level 1.2(0.0) Polearms
 + Level 1.2(0.0) Staves
 + Level 1.2(0.0) Slings
 + Level 1.2(0.0) Bows
 + Level 1.2(0.0) Crossbows
 + Level 1.2(0.0) Throwing
 + Level 4.7(3.3) Armour
 + Level 2.8(1.5) Dodging
 + Level 1.2(0.0) Stealth
 + Level 1.2(0.0) Shields
 + Level 1.2(0.0) Unarmed Combat
 + Level 1.2(0.0) Spellcasting
 + Level 1.0(0.0) Conjurations
 + Level 1.0(0.0) Hexes
 + Level 1.0(0.0) Charms
 + Level 1.0(0.0) Summonings
 + Level 1.0(0.0) Necromancy
 + Level 1.0(0.0) Translocations
 + Level 1.0(0.0) Transmutations
 + Level 1.0(0.0) Fire Magic
 + Level 1.0(0.0) Ice Magic
 + Level 1.0(0.0) Air Magic
 + Level 1.0(0.0) Earth Magic
 + Level 1.0(0.0) Poison Magic
 + Level 1.4(0.1) Invocations
 + Level 1.2(0.0) Evocations


You had 5 spell levels left.
You didn't know any spells.
Your spell library was empty.

Dungeon Overview and Level Annotations

Branches:
Dungeon (3/15)

Altars:
Nemelex Xobeh


Innate Abilities, Weirdness & Mutations

Your experience applies equally to all skills.
You have very sharp teeth.
Your uncanny sense of smell can sniff out nearby items.


Message History

You see here a long sword.
As you open the door, it creaks loudly!
There is an open door here.
You open the door.
There is an open door here.
Found a stone staircase leading down.
t - a yellow potion
c - 3 rations (gained 1)
Found an escape hatch in the ceiling.
There is an escape hatch in the ceiling here. "Go forth and redecorate, my child!"
Found a ring mail.
Press: ? - help, v - describe, . - travel The floor.
There is a cloud of negative energy here.
Really walk into that cloud of negative energy?
You are engulfed in negative energy.
You feel drained.
You are engulfed in negative energy.
You feel drained.
Ouch! That really hurt!
You die...

##..........# #######
#.####'#'### .......
#..# #.#.#
#.....######.###.#.#
##......... #..##.#.#
..........# ##.##.#.#
..........####..#.#.#
................#.#.#
.......@..........#.#
.......§.§....§#..#.#
....[.....######..#.#
..........# ##.#.#
########### #.#.####
#>...... ####.####
#.##.# #....#


There were no monsters in sight!

Vanquished Creatures
  Jessica (D:2)
  A gnoll (D:1)
  An adder (D:2)
  An ooze (D:2)
  4 dart slugs
  A leopard gecko (D:1)
  A ball python (D:1)
  4 giant cockroaches
  4 goblins
  6 hobgoblins
  8 kobolds
  13 bats
  3 frilled lizards
  A jackal skeleton (D:3)
  10 rats
59 creatures vanquished.

Notes
Turn   | Place    | Note
-------+----------+-------------------------------------------
     0 | D:1      | Revguard the Gnoll Chaos Knight began the quest for the
                  | Orb.
     0 | D:1      | Reached XP level 1. HP: 23/23 MP: 1/1
    74 | D:1      | XOM: potion effect (haste)
    80 | D:1      | XOM: silly message
    82 | D:1      | Reached XP level 2. HP: 20/29 MP: 2/2
   231 | D:1      | Reached XP level 3. HP: 29/35 MP: 3/3
   441 | D:1      | Reached skill level 1 in Invocations
   693 | D:1      | XOM: harmless Necr miscast
   759 | D:2      | Reached skill level 1 in Short Blades
   759 | D:2      | Reached skill level 1 in Long Blades
   759 | D:2      | Reached skill level 1 in Maces & Flails
   759 | D:2      | Reached skill level 1 in Polearms
   759 | D:2      | Reached skill level 1 in Staves
   759 | D:2      | Reached skill level 1 in Slings
   759 | D:2      | Reached skill level 1 in Bows
   759 | D:2      | Reached skill level 1 in Crossbows
   759 | D:2      | Reached skill level 1 in Throwing
   759 | D:2      | Reached skill level 1 in Stealth
   759 | D:2      | Reached skill level 1 in Shields
   759 | D:2      | Reached skill level 1 in Unarmed Combat
   759 | D:2      | Reached skill level 1 in Spellcasting
   759 | D:2      | Reached skill level 1 in Evocations
   792 | D:2      | Found a sparkling altar of Nemelex Xobeh.
   792 | D:2      | Noticed Jessica
   798 | D:2      | Killed Jessica
   798 | D:2      | Reached XP level 4. HP: 41/41 MP: 5/5
  1002 | D:2      | Reached skill level 1 in Conjurations
  1002 | D:2      | Reached skill level 1 in Hexes
  1002 | D:2      | Reached skill level 1 in Charms
  1002 | D:2      | Reached skill level 1 in Summonings
  1002 | D:2      | Reached skill level 1 in Necromancy
  1002 | D:2      | Reached skill level 1 in Translocations
  1002 | D:2      | Reached skill level 1 in Transmutations
  1002 | D:2      | Reached skill level 1 in Fire Magic
  1002 | D:2      | Reached skill level 1 in Ice Magic
  1002 | D:2      | Reached skill level 1 in Air Magic
  1002 | D:2      | Reached skill level 1 in Earth Magic
  1002 | D:2      | Reached skill level 1 in Poison Magic
  1149 | D:2      | XOM: harmless Erth miscast
  1638 | D:3      | XOM: cloud trail
  1668 | D:3      | Engulfed by a cloud of negative energy

Skill      XL: |  1  2  3  4 |
---------------+-------------+-----
Invocations    | 1 |  1.4
Short Blades   | 1 |  1.2
Long Blades    | 1 |  1.2
Maces & Flails | 1 |  1.2
Polearms       | 1 |  1.2
Staves         | 1 |  1.2
Slings         | 1 |  1.2
Bows           | 1 |  1.2
Crossbows      | 1 |  1.2
Throwing       | 1 |  1.2
Stealth        | 1 |  1.2
Shields        | 1 |  1.2
Unarmed Combat | 1 |  1.2
Spellcasting   | 1 |  1.2
Evocations     | 1 |  1.2
Conjurations   | 1 |  1.0
Hexes          | 1 |  1.0
Charms         | 1 |  1.0
Summonings     | 1 |  1.0
Necromancy     | 1 |  1.0
Translocations | 1 |  1.0
Transmutations | 1 |  1.0
Fire Magic     | 1 |  1.0
Ice Magic      | 1 |  1.0
Air Magic      | 1 |  1.0
Earth Magic    | 1 |  1.0
Poison Magic   | 1 |  1.0
Fighting       | |  6.6
Axes           | |  6.6
Armour         | |  4.7
Dodging        | |  2.8

Action                   |  1- 3 |  4- 6 || total
-------------------------+-------+-------++-------
Melee: Hand axe          |    95 |    34 ||   129
       Bite              |     7 |     3 ||    10
  Use: Scroll            |     3 |       ||     3
       Potion            |       |     1 ||     1
 Stab: Sleeping          |     1 |     1 ||     2
       Petrified         |     1 |       ||     1
  Eat: Chunk             |       |     1 ||     1
Armor: Leather armour    |    34 |       ||    34
       Robe              |       |     6 ||     6
Dodge: Dodged            |    57 |    28 ||    85
